AoeStats
← Hambo XV

Arabia

503813405Analyzed
1v1 RM · 1mo ago on Sep 2, 2026· 23m 5s· 2 players
Game mode
Random Map
Map size
Tiny (2 player)
Population
200
Speed
Normal
Resources
Standard
Victory
Conquest
Starting age
Dark Age
Ending age
Imperial Age
RankedLock teamsTeams togetherTeam positionsShared explorationLock speedFull tech treeHidden civsTurbo modeCheats
Victory
Defeat
🇬🇧 Goths · United Kingdom
952
+16
🇫🇷 Wei · France
959
-16
Hambo XV
3:33 Loom
12:31 Feudal Age
12:34 Man-at-Arms
18:45 Double-Bit Axe
18:43 Horse Collar
20:28 Scale Mail Armor
22:48 Forging
NitroKuite
3:24 Loom
10:29 Feudal Age
14:53 Scale Barding Armor
Connection lost

Rejoining the realm…

Still unreachable

The connection could not be restored.

Session expired

The server has moved on; the page needs a fresh start.